 Dungeon Crawl Stone Soup version 0.28.0-53-g5a82cb258f (webtiles) character file.

Game seed: 11765754162015994591

171829 Plasmagod the Fencer (level 17, -11/180 HPs)
             Began as a Minotaur Fighter on July 30, 2022.
             Was a High Priest of Ashenzari.
             Mangled by an entropy weaver (12 damage)
             ... on level 3 of the Spider Nest on Aug 1, 2022.
             The game lasted 02:19:41 (31889 turns).

Plasmagod the Fencer (Minotaur Fighter)            Turns: 31889, Time: 02:19:42

Health: -11/180    AC:  0    Str: 28    XL:     17   Next: 40%
Magic:  32/32      EV: 15    Int:  3    God:    Ashenzari [*****.]
Gold:   2600       SH: 33    Dex: 13    Spells: 38/40 levels left

rFire   + . .      SeeInvis +   w - +1 demon blade of Supernal Knowledge {drain, Self, Melee} (curse)
rCold   . . .      Faith    .   x - +10 tower shield of Ignorance {rN+ Int-4, Range, Fort} (curse)
rNeg    + . .      Spirit   .   M - +1 chain mail "Behold Eternity" {rF+ Str+4, Self, Range} (curse)
rPois   .          Reflect  +   O - +1 hat "Prescient Fetters" {Self, Evo} (curse)
rElec   .          Harm     .   W - +0 cloak
rCorr   .          Rampage  +   F - +2 pair of gloves "Shattered With Me" {Self, Evo} (curse)
Will    ++...      Clarity  +   P - +1 pair of boots of the Cursed Augur {Fort, Melee} (curse)
Stlth   ..........              q - amulet of Supernal Knowledge {Reflect Rampage Drain Will+ SH+5, Melee, Fort} (curse)
HPRegen 0.40/turn               l - ring "Lashed Visionary" {Slay+4, Self, Bglg} (curse)
MPRegen 0.23/turn               m - ring "At What Cost Knowledge?" {EV+4, Fort, Cun} (curse)

@: corroded
A: horns 2, retaliatory headbutt
a: Renounce Religion, Curse Item, Shatter the Chains


You were on level 3 of the Spider Nest.
You worshipped Ashenzari.
Ashenzari was extremely pleased with you.
You visited 5 branches of the dungeon, and saw 27 of its levels.
You also visited: Ice Cave.

You collected 3265 gold pieces.
You spent 665 gold pieces at shops.

Inventory:

Hand Weapons
 s - a +2 flail of holy wrath
 w - the cursed +1 demon blade of Supernal Knowledge (weapon) {drain, Self, Melee}
   (You found it on level 4 of the Dungeon)

   A truly terrible weapon, it drains the life of any living foe it strikes.
   It has a curse which improves the following skills: Introspection: Fighting
   and Spellcasting.
   Melee Combat: Short Blades, Long Blades, Axes, Maces & Flails, Polearms,
   Staves and Unarmed Combat.
 U - a +2 broad axe of flaming
Missiles
 v - 3 javelins (quivered)
 N - a throwing net
Armour
 x - the cursed +10 tower shield of Ignorance (worn) {rN+ Int-4, Range, Fort}
   (You found it on level 4 of the Dungeon)

   Int:       It affects your intelligence (-4).
   rN:        It protects you from negative energy.
   It has a curse which improves the following skills: Ranged Combat: Slings,
   Bows, Crossbows and Throwing.
   Fortitude: Armour and Shields.
 F - the cursed +2 pair of gloves "Shattered With Me" (worn) {Self, Evo}
   (You found it on level 7 of the Dungeon)

   It has a curse which improves the following skills: Introspection: Fighting
   and Spellcasting.
   Evocations: Evocations.
 M - the cursed +1 chain mail "Behold Eternity" (worn) {rF+ Str+4, Self, Range}
   (You found it on level 11 of the Dungeon)

   Str:       It affects your strength (+4).
   rF:        It protects you from fire.
   It has a curse which improves the following skills: Introspection: Fighting
   and Spellcasting.
   Ranged Combat: Slings, Bows, Crossbows and Throwing.
 O - the cursed +1 hat "Prescient Fetters" (worn) {Self, Evo}
   (You found it on level 13 of the Dungeon)

   It has a curse which improves the following skills: Introspection: Fighting
   and Spellcasting.
   Evocations: Evocations.
 P - the cursed +1 pair of boots of the Cursed Augur (worn) {Fort, Melee}
   (You found it on level 14 of the Dungeon)

   It has a curse which improves the following skills: Fortitude: Armour and
   Shields.
   Melee Combat: Short Blades, Long Blades, Axes, Maces & Flails, Polearms,
   Staves and Unarmed Combat.
 V - a +0 hat
 W - a +0 cloak (worn)
Jewellery
 l - the cursed ring "Lashed Visionary" (left hand) {Slay+4, Self, Bglg}
   (You found it on level 2 of the Dungeon)

   [ring of slaying]

   Slay:      It affects your accuracy & damage with ranged weapons and melee
   (+4).
   It has a curse which improves the following skills: Introspection: Fighting
   and Spellcasting.
   Beguiling: Conjurations, Hexes and Translocations.
 m - the cursed ring "At What Cost Knowledge?" (right hand) {EV+4, Fort, Cun}
   (You found it on level 3 of the Dungeon)

   [ring of evasion]

   EV:        It affects your evasion (+4).
   It has a curse which improves the following skills: Fortitude: Armour and
   Shields.
   Cunning:   Dodging and Stealth.
 q - the cursed amulet of Supernal Knowledge (around neck) {Reflect Rampage Drain Will+ SH+5, Melee, Fort}
   (You bought it in a shop on level 1 of the Elven Halls)

   [amulet of reflection]

   It reflects blocked missile attacks.
   Drain:     It drains your maximum health when unequipped.
   SH:        It affects your SH (+5).
   Rampage:   It bestows one free step when moving towards enemies.
   Will:      It increases your willpower.
   It has a curse which improves the following skills: Melee Combat: Short
   Blades, Long Blades, Axes, Maces & Flails, Polearms, Staves and Unarmed
   Combat.
   Fortitude: Armour and Shields.
 y - a +6 ring of dexterity
 A - a ring of flight
 C - a ring of protection from cold
 Y - a +4 ring of evasion
Wands
 o - a wand of flame (16)
 t - a wand of acid (15)
 H - a wand of iceblast (11)
 J - a wand of polymorph (2)
 Q - a wand of mindburst (7)
 S - a wand of paralysis (9)
Scrolls
 c - 3 scrolls of fog
 g - 3 scrolls of vulnerability
 h - 2 scrolls of brand weapon
 i - 8 scrolls of teleportation
 j - 6 scrolls of blinking
 n - 4 scrolls of noise
 r - a scroll of enchant weapon
 I - 7 scrolls of magic mapping
 K - 5 scrolls of enchant armour
 L - 2 scrolls of fear
 R - a scroll of summoning
Potions
 a - a potion of berserk rage
 b - 9 potions of heal wounds
 d - 6 potions of might
 e - 2 potions of lignification
 f - 3 potions of mutation
 k - 5 potions of attraction
 p - 4 potions of brilliance
 u - 5 potions of haste
 B - 8 potions of ambrosia
 D - 9 potions of curing
 E - 2 potions of flight
 G - a potion of resistance
 T - a potion of magic
 Z - a potion of cancellation
Miscellaneous
 z - a lightning rod (4/4)
 X - a phantom mirror


   Skills:
 + Level 17.2(23.4) Fighting
 - Level 17.7(22.0) Long Blades
 - Level 14.0(18.4) Axes
 - Level 8.7(14.1) Armour
 - Level 7.6(10.0) Dodging
 - Level 8.7(14.1) Shields
 - Level 5.9(12.0) Spellcasting
 - Level 12.0 Transmutations
 - Level 9.5(12.9) Evocations


You had 38 spell levels left.
You knew the following spells:

 Your Spells              Type           Power      Damage    Failure   Level
a - Wereblood             Tmut           9%         N/A       2%          2

Your spell library contained the following spells:

 Spells                   Type           Power      Damage    Failure   Level
 Sting                    Tmut/Pois      20%        1d4       22%         1
 Blade Hands              Tmut           4%         N/A       45%         5
 Ignite Poison            Fire/Tmut/Pois 4%         N/A       83%         3
 Petrify                  Tmut/Erth      5%         N/A       91%         4
 Magic Dart               Conj           4%         1d3       93%         1
 Animate Skeleton         Necr           2%         N/A       95%         1
 Call Imp                 Summ           1%         N/A       98%         2
 Corpse Rot               Necr/Air       2%         N/A       98%         2
 Poisonous Vapours        Pois/Air       2%         N/A       98%         2
 Searing Ray              Conj           2%         2d4       98%         2
 Sublimation of Blood     Necr           1%         N/A       98%         2
 Call Canine Familiar     Summ           1%         N/A       100%        3
 Gell's Gravitas          Tloc           1%         N/A       100%        3
 Lesser Beckoning         Tloc           1%         N/A       100%        3
 Mephitic Cloud           Conj/Pois/Air  1%         N/A       100%        3
 Portal Projectile        Hex/Tloc       2%         N/A       100%        3
 Stone Arrow              Conj/Erth      2%         3d7       100%        3
 Teleport Other           Tloc           1%         N/A       100%        3
 Animate Armour           Summ/Erth      2%         N/A       100%        4
 Cause Fear               Hex            0%         N/A       100%        4
 Fulminant Prism          Conj/Hex       0%         3d6       100%        4
 Olgreb's Toxic Radiance  Pois           1%         N/A       100%        4
 Excruciating Wounds      Necr           0%         N/A       100%        5
 Fireball                 Conj/Fire      0%         3d3       100%        5
 Freezing Cloud           Conj/Ice/Air   0%         6-21      100%        5
 Iskenderun's Battlesphe  Conj           1%         2d6       100%        5
 Metabolic Englaciation   Hex/Ice        0%         N/A       100%        5
 Summon Forest            Summ/Tloc      0%         N/A       100%        5
 Dispersal                Tloc           0%         N/A       100%        6
 Eringya's Noxious Bog    Tmut/Pois      2%         N/A       100%        6
 Iron Shot                Conj/Erth      0%         9d1       100%        6
 Starburst                Conj/Fire      0%         6d3       100%        6
 Statue Form              Tmut/Erth      3%         N/A       100%        6
 Summon Cactus Giant      Summ           0%         N/A       100%        6
 Dragon Form              Tmut           4%         N/A       100%        7
 Spellforged Servitor     Conj/Summ      0%         N/A       100%        7
 Summon Hydra             Summ           0%         N/A       100%        7
 Ignition                 Fire           0%         3d3       100%        8
 Lehudib's Crystal Spear  Conj/Erth      0%         10d2      100%        8
 Maxwell's Capacitive Co  Air            0%         ∞         100%        8
 Summon Horrible Things   Summ           0%         N/A       100%        8
 Death's Door             Necr           0%         N/A       100%        9
 Dragon's Call            Summ           0%         N/A       100%        9


Dungeon Overview and Level Annotations

Branches:
Dungeon (15/15)            Temple (0/1) D:7            Lair (6/6) D:8
  Swamp (0/4) Lair:3       Spider (3/4) Lair:4        Slime (0/5) Lair:5
    Orc (2/2) D:11            Elf (1/3) Orc:2        Vaults (0/5) D:14
 Depths (0/4) D:15          IceCv (visited)

Altars:
Ashenzari
Gozag
Hepliaklqana
Ru
Sif Muna
Wu Jian
The Shining One
Beogh

Shops:
D:9 (   D:10 *   D:11 ?   Orc:2 !?[!(   Elf:1 :*[=

Portals:
Trove: D:15 (give 5 potions of resistance)

Annotations:
D:6 2 runed translucent doors, hal2100's ghost, novice MiFi


Innate Abilities, Weirdness & Mutations

You have a pair of horns on your head.
You reflexively headbutt those who attack you in melee.


Message History

The entropy weaver is severely wounded.
You feel sick.
You block the entropy weaver's attack. x3
The entropy weaver hits you! The spark wasp stings you!
The spark wasp shocks you! The culicivora bites you.
The culicivora draws strength from your injuries!
You hit the entropy weaver but do no damage.
The entropy weaver is severely wounded.
You feel sick. You block the spark wasp's attack.
The entropy weaver points at you and mumbles some strange words.
The entropic weave corrodes you! You block the culicivora's attack.
You hit the entropy weaver but do no damage.
You headbutt the entropy weaver, but do no damage.
The entropy weaver is severely wounded.
You feel sick. You block the spark wasp's attack.
You block the culicivora's attack.
The entropy weaver casts a spell at you.
The entropic weave corrodes you! You block the killer bee's attack.
The spark wasp stings you. The spark wasp shocks you!
* * * LOW HITPOINT WARNING * * *
You miss the entropy weaver.
The entropy weaver is severely wounded.
You block the culicivora's attack. You block the killer bee's attack.
You block the entropy weaver's attack. The entropy weaver hits you!
* * * LOW HITPOINT WARNING * * *
The entropy weaver hits you!
* * * LOW HITPOINT WARNING * * *
The entropy weaver hits you!
* * * LOW HITPOINT WARNING * * *
The spark wasp misses you. The culicivora misses you. You furiously retaliate!
You headbutt the culicivora, but do no damage.
Okay, then.
You feel better. You block the killer bee's attack.
You block the entropy weaver's attack. x2; The entropy weaver hits you!
* * * LOW HITPOINT WARNING * * *
The entropy weaver barely misses you. The killer bee closely misses you.
You block the spark wasp's attack. The culicivora bites you!
* * * LOW HITPOINT WARNING * * *
The culicivora draws strength from your injuries!
The entropy weaver closely misses you. The entropy weaver hits you!
You die...

, , *
*........###.#.....#.[.(
>*,,,
,,.##....#...............
, .......#....#.#...<†...
, , ,
#....#............†#.##
,,, ,
...........#....#..#.. ,
, ,*
..##....[..#.#..#...... ,
,,
,##...(...†#.#.^..#......
*
.....###.†..#^#.........
, ,
.......@B..........#....
* * *
##....yys...........##..
,,,,
....##.##......#........
, .>.
...#...........#.... ,,,,
,. * .................###
,, , ,,^
....,.....#.....^#..≈
*,,, , **##...
,#.#.^.).......# ** ,*,*
,,..#. , , .#...{B....#
,*, , , , ,, .##s.## ...


You could see an entropy weaver (drained), a spark wasp, a culicivora and a
killer bee.

Vanquished Creatures
  Rupert (D:14)
  Agnes (D:14)
  Kirke (D:12)
  A fire giant (D:15)
  An emperor scorpion (Spider:1)
  Louise (Spider:1)
  An orc warlord (Orc:2)
  A broodmother (Spider:1)
  A deep elf demonologist (Elf:1)
  7 entropy weavers
  Snorg (Lair:4)
  2 spark wasps (Spider:2)
  An ettin (Orc:2)
  A fire dragon (Lair:5)
  A deep elf death mage (Elf:1)
  Josephine (D:15)
  A boulder beetle (Spider:1)
  11 hydras
  3 catoblepae
  An ogre mage (Orc:1)
  A radroach (Spider:1)
  6 centaur warriors
  3 dancing weapons (Elf:1)
  A jorogumo (Spider:2)
  13 two-headed ogres
  A deep troll shaman (Lair:6)
  10 death yaks
  7 deep elf knights (Elf:1)
  A sun moth (Spider:3)
  4 pharaoh ants
  4 skeletal warriors
  2 orb spiders
  A bog body (IceCv)
  3 deep elf archers (Elf:1)
  3 steelbarb worms
  A glowing orange brain (D:14)
  3 necromancers
  12 deep elf zephyrmancers (Elf:1)
  2 lindwurms
  7 orc knights
  A large abomination (Elf:1)
  Pikel (D:8)
  10 wolf spiders
  An orc sorcerer (Orc:2)
  12 deep elf pyromancers
  3 cyclopes
  16 ugly things
  3 manticores
  Joseph (D:8)
  14 elephants
  A moth of wrath (Spider:2)
  2 ice statues (IceCv)
  4 black mambas
  10 cane toads
  Maurice (Orc:2)
  2 gargoyles
  4 torpor snails
  15 komodo dragons
  17 rime drakes
  An efreet (D:15)
  A kobold demonologist (D:12)
  8 demonic crawlers
  4 entropy weaver simulacra (IceCv)
  Psyche (D:12)
  A freezing wraith (IceCv)
  5 ice devils (IceCv)
  3 anaconda simulacra (IceCv)
  6 trolls
  2 tengu conjurers
  5 polar bears
  A meliai (shapeshifter) (D:12)
  9 meliai
  17 tarantellas
  21 blink frogs
  13 slime creatures
  4 hornets
  A centaur simulacrum (D:15)
  3 air elementals (Elf:1)
  10 jumping spiders
  A shadow (D:11)
  4 wyverns
  73 yaks
  13 culicivoras
  A water elemental (Elf:1)
  A dire elephant simulacrum (IceCv)
  8 wraiths
  4 basilisks
  2 hogs (D:12)
  7 steam dragons (Lair:5)
  Edmund (D:4)
  2 harpy simulacra (IceCv)
  5 wargs
  A death yak simulacrum (IceCv)
  32 redbacks
  4 acid dragons
  4 swamp worms (Lair:3)
  19 water moccasins
  2 black bears
  A hornet zombie (D:9)
  An ice beast (D:6)
  A floating eye (D:14)
  44 orc warriors
  A sky beast (D:8)
  10 ogres
  10 wolves
  18 centaurs
  A lemure (D:8)
  A two-headed ogre simulacrum (IceCv)
  4 elf zombies (Elf:1)
  2 gnoll sergeants (D:12)
  4 scorpions
  13 bullfrogs
  2 wyvern skeletons (D:6)
  3 small abominations (D:14)
  A water moccasin skeleton (D:4)
  9 killer bees
  9 howler monkeys
  7 centaur zombies
  A bullfrog skeleton (D:6)
  A gnoll shaman (D:5)
  4 jellies
  18 orc priests
  6 iguanas
  Jessica (D:3)
  19 orc wizards
  Ijyb (D:4)
  2 spriggan simulacra (IceCv)
  A wolf simulacrum (IceCv)
  3 hound skeletons (D:4)
  Robin (D:3)
  2 howler monkey zombies
  5 adders
  15 gnolls
  A howler monkey skeleton (D:7)
  2 ufetubi (D:4)
  A worm (D:2)
  3 dart slugs
  72 orcs
  10 ball pythons
  7 bats
  12 endoplasms
  3 giant cockroaches
  7 hobgoblins
  6 jackals
  9 kobolds
  3 quokkas
  3 frilled lizards (D:1)
  14 goblins
  6 rats
923 creatures vanquished.

Vanquished Creatures (collateral kills)
  An orc warrior (Orc:2)
  An orc priest (Orc:2)
2 creatures vanquished.

Vanquished Creatures (others)
  A culicivora (Spider:2)
  An elf zombie (Elf:1)
  17 fungi
  15 plants
34 creatures vanquished.

Grand Total: 959 creatures vanquished

Notes
Turn   | Place    | Note
-------+----------+-------------------------------------------
     0 | D:1      | Plasmagod the Minotaur Fighter began the quest for the Orb.
     0 | D:1      | Reached XP level 1. HP: 19/19 MP: 0/0
    98 | D:1      | Reached XP level 2. HP: 26/26 MP: 1/1
   387 | D:1      | Reached XP level 3. HP: 31/31 MP: 2/2
  1045 | D:2      | Reached skill level 5 in Axes
  1595 | D:2      | Reached XP level 4. HP: 38/39 MP: 3/3
  1754 | D:3      | Noticed Robin
  1767 | D:3      | Killed Robin
  1775 | D:3      | Found a faded altar of an unknown god.
  2060 | D:3      | Reached XP level 5. HP: 42/45 MP: 4/4
  2170 | D:3      | Noticed Jessica
  2172 | D:3      | Killed Jessica
  2693 | D:4      | Noticed Ijyb
  2704 | D:4      | Killed Ijyb
  2792 | D:4      | Reached XP level 6. HP: 32/51 MP: 5/5
  3286 | D:4      | Reached XP level 7. HP: 15/57 MP: 6/6
  3599 | D:4      | Found a shimmering blue altar of Sif Muna.
  3602 | D:4      | Found a sacrificial altar of Ru.
  3610 | D:4      | Reached skill level 10 in Axes
  3970 | D:4      | Found the +10 tower shield of Ignorance {rN+ Int-4}
  3971 | D:4      | Found a broken altar of Ashenzari.
  3998 | D:4      | Found an ornate altar of the Wu Jian Council.
  4048 | D:5      | Entered Level 5 of the Dungeon
  4049 | D:5      | Noticed Edmund
  4062 | D:4      | Found a glowing golden altar of the Shining One.
  4066 | D:4      | HP: 2/57 [Edmund/+0 dire flail of holy wrath (2)]
  4067 | D:4      | Killed Edmund
  4068 | D:4      | Reached XP level 8. HP: 3/64 MP: 7/7
  4377 | D:4      | Became a worshipper of Ashenzari the Shackled
  4742 | D:5      | You fall into a shaft and drop 2 floors!
  5844 | D:6      | Reached XP level 9. HP: 62/72 MP: 8/8
  6011 | D:6      | Found a runed translucent door.
  6016 | D:6      | Noticed hal2100's ghost (novice MiFi)
  6039 | D:6      | Reached skill level 5 in Fighting
  6195 | D:6      | Found a runed translucent door.
  6709 | D:7      | Found a staircase to the Ecumenical Temple.
  6860 | D:8      | Noticed Pikel
  6867 | D:8      | Killed Pikel
  6900 | D:8      | Reached skill level 10 in Fighting
  7197 | D:8      | Found a staircase to the Lair.
  7245 | D:8      | Noticed Joseph
  7263 | D:8      | Reached XP level 10. HP: 95/95 MP: 9/9
  7291 | D:8      | Killed Joseph
  7786 | D:9      | Found Sarho's Antique Weapon Emporium.
  7845 | D:9      | Found an opulent altar of Gozag.
  8000 | D:9      | Noticed a two-headed ogre
  8010 | D:9      | Killed a two-headed ogre
  8107 | D:9      | Paralysed by a hornet for 1 turns
  8110 | D:9      | Paralysed by a hornet for 3 turns
  8225 | D:9      | Reached * piety under Ashenzari
  8800 | D:10     | Entered Level 10 of the Dungeon
  8847 | D:10     | Noticed a two-headed ogre
  8852 | D:10     | Killed a two-headed ogre
  8853 | D:10     | Reached skill level 5 in Armour
  8853 | D:10     | Reached skill level 5 in Shields
  8864 | D:10     | Reached XP level 11. HP: 88/111 MP: 10/10
  8968 | D:10     | Reached ** piety under Ashenzari
  9042 | D:10     | Found Welood's Island Escapes.
  9094 | D:10     | Noticed a two-headed ogre
  9102 | D:10     | Killed a two-headed ogre
  9440 | D:11     | Paralysed by a hornet for 3 turns
  9590 | D:11     | Identified the +1 chain mail of Spite {rF+ Str+4}
  9743 | D:11     | Found Qawogefo's Magic Scroll Boutique.
  9890 | D:11     | Learned a level 2 spell: Wereblood
  9904 | D:11     | Noticed a two-headed ogre
  9911 | D:11     | Killed a two-headed ogre
  9912 | D:11     | Reached skill level 1 in Transmutations
  9912 | D:11     | Reached skill level 1 in Evocations
  9945 | D:11     | Found a staircase to the Orcish Mines.
 10073 | D:11     | Reached *** piety under Ashenzari
 10185 | D:11     | Noticed a six-headed hydra
 10223 | D:11     | Noticed a two-headed ogre
 10267 | D:11     | Killed a six-headed hydra
 10271 | D:11     | Killed a two-headed ogre
 10649 | D:12     | Noticed Psyche
 10651 | D:12     | Noticed a two-headed ogre
 10700 | D:11     | Identified the cursed +2 pair of gloves "Shattered With Me"
                  | {Self, Evo} (You found it on level 7 of the Dungeon)
 10700 | D:11     | Identified the cursed ring "Lashed Visionary" {Slay+4,
                  | Self, Bglg} (You found it on level 2 of the Dungeon)
 10875 | D:12     | Killed Psyche
 10919 | D:12     | Noticed a soul eater
 11104 | D:12     | Reached XP level 12. HP: 117/124 MP: 11/11
 11186 | D:12     | Reached skill level 5 in Evocations
 11260 | D:12     | Reached **** piety under Ashenzari
 11454 | D:12     | Noticed Kirke
 11467 | D:12     | Killed Kirke
 11576 | D:12     | Noticed a two-headed ogre
 11582 | D:12     | Killed a two-headed ogre
 12212 | D:13     | Noticed a centaur warrior
 12222 | D:13     | Killed a centaur warrior
 12223 | D:13     | Reached skill level 5 in Transmutations
 12289 | D:13     | Noticed a centaur warrior
 12300 | D:13     | Killed a centaur warrior
 12423 | D:13     | Reached skill level 5 in Long Blades
 12895 | D:14     | Noticed a catoblepas
 12926 | D:14     | Noticed a two-headed ogre
 12928 | D:14     | Noticed a centaur warrior
 12935 | D:14     | Killed a two-headed ogre
 12942 | D:14     | Killed a centaur warrior
 12978 | D:14     | Noticed a five-headed hydra
 12990 | D:14     | Killed an eight-headed hydra
 12993 | D:14     | Found a gate to the Vaults.
 13189 | D:14     | Reached XP level 13. HP: 95/136 MP: 9/13
 13542 | D:14     | Reached skill level 10 in Long Blades
 13543 | D:14     | Noticed Agnes
 13555 | D:14     | Killed Agnes
 13868 | D:14     | Noticed Rupert
 13878 | D:14     | Killed Rupert
 14048 | D:14     | Reached ***** piety under Ashenzari
 14406 | D:14     | Identified Fezag's Tome of Creation
 14836 | Lair:1   | Entered Level 1 of the Lair of Beasts
 15264 | Lair:1   | Identified the +4 falchion "Arcanum" {freeze, Int+8 Stlth-}
 15296 | Lair:1   | Found a hazy altar of Hepliaklqana.
 15739 | Lair:2   | Reached skill level 15 in Long Blades
 16070 | Lair:2   | Reached XP level 14. HP: 148/148 MP: 14/14
 16910 | Lair:3   | Found a staircase to the Swamp.
 17522 | Lair:4   | Found a hole to the Spider Nest.
 17724 | Lair:4   | Noticed Snorg
 17735 | Lair:4   | Killed Snorg
 18024 | Lair:5   | Found a staircase to the Slime Pits.
 18100 | Lair:5   | Reached skill level 1 in Dodging
 18137 | Lair:5   | Found a frozen archway.
 18159 | IceCv    | Entered an ice cave
 19459 | Lair:5   | Reached skill level 5 in Dodging
 19617 | Lair:5   | Reached XP level 15. HP: 155/155 MP: 15/15
 20133 | Lair:5   | Identified the +9 mace "Joila" {vorpal, Int-4 Dex+5}
 20323 | Lair:6   | Entered Level 6 of the Lair of Beasts
 20850 | Lair:6   | Identified the +10 dagger of Mastery {pain, rPois rC- rCorr
                  | Dex+3}
 21313 | Lair:6   | Identified the Almanac of Flight and the Escort
 21606 | Orc:1    | Entered Level 1 of the Orcish Mines
 22222 | Orc:2    | Entered Level 2 of the Orcish Mines
 22677 | Orc:2    | Noticed Maurice
 22683 | Orc:2    | Killed Maurice
 22778 | Orc:2    | Noticed an orc warlord
 22806 | Orc:2    | Killed an orc warlord
 23011 | Orc:2    | Reached skill level 10 in Transmutations
 23431 | Orc:2    | Reached skill level 1 in Spellcasting
 23449 | Orc:2    | Found Ytatigun's Armour Shop.
 23449 | Orc:2    | Found Cytwoll's Magic Scroll Emporium.
 23451 | Orc:2    | Found Muih Jak's Distillery.
 23453 | Orc:2    | Found Vyost's Distillery.
 23789 | Orc:2    | Bought a scroll of teleportation for 33 gold pieces
 23789 | Orc:2    | Bought a scroll of teleportation for 33 gold pieces
 23789 | Orc:2    | Bought a scroll of blinking for 82 gold pieces
 23885 | Orc:2    | Found a staircase to the Elven Halls.
 23997 | Orc:2    | Found Asoush's Weapon Emporium.
 24148 | Elf:1    | Entered Level 1 of the Elven Halls
 24185 | Elf:1    | Reached XP level 16. HP: 109/162 MP: 15/25
 24562 | Elf:1    | Found Oshril Ceut's Book Emporium.
 24568 | Elf:1    | Paralysed by an air elemental for 1 turns
 24570 | Elf:1    | Paralysed by an air elemental for 1 turns
 24607 | Elf:1    | Paralysed by an air elemental for 1 turns
 24612 | Elf:1    | Paralysed by an air elemental for 1 turns
 24906 | Elf:1    | Identified Akimal's Compendium of Evil Magic
 25474 | Elf:1    | Found Dohol's Assorted Antiques.
 25476 | Elf:1    | Found Herre's Antique Armour Boutique.
 25478 | Elf:1    | Found Foor Hor's Jewellery Shop.
 25558 | Elf:1    | Bought the amulet of Hahoer {Reflect Rampage Drain Will+
                  | SH+5} for 481 gold pieces
 25567 | Elf:1    | Bought a scroll labelled TAVUATR XYANE for 36 gold pieces
 25676 | Elf:1    | Paralysed by an air elemental for 1 turns
 25682 | Elf:1    | Paralysed by an air elemental for 1 turns
 26212 | D:15     | Entered Level 15 of the Dungeon
 26250 | D:15     | Found a glowing golden altar of the Shining One.
 26296 | D:15     | Found a staircase to the Depths.
 26498 | D:15     | Noticed Josephine
 26505 | D:15     | Killed Josephine
 26506 | D:15     | Reached skill level 5 in Spellcasting
 26766 | D:15     | Identified the +5 quarterstaff of Toak Kie {vamp, rCorr
                  | SInv}
 26833 | D:15     | Reached skill level 15 in Fighting
 27057 | D:15     | Found a portal to a secret trove of treasure.
 27751 | Spider:1 | Entered Level 1 of the Spider Nest
 27783 | Spider:1 | Noticed Louise
 27804 | Spider:1 | Killed Louise
 29390 | Spider:1 | Reached XP level 17. HP: 163/176 MP: 32/32
 30459 | Spider:2 | Paralysed by a jorogumo for 1 turns
 31889 | Spider:3 | HP: 1/180 [culicivora (12)]
 31889 | Spider:3 | Mangled by an entropy weaver

Illustrated notes

Levels and vault maps discovered:
D:1:      scummos_arrival_simple_fountains, layout_loops_ring,
          minmay_pentomino_o4
D:2:      layout_loops_cross, minmay_puff
D:3:      layout_loops_ring, ebering_ecumenical_altar_abandoned, uniq_robin,
          uniq_jessica
D:4:      minmay_chambers_of_twos, layout_cave_pods,
          nicolae_overflow_hidden_temple, grunt_tough_drop, uniq_ijyb
D:5:      layout_cave_pools, item_on_display_a, uniq_edmund
D:6:      layout_loops_ring, ebering_ghost_sewer_f
D:7:      layout_cave_pods, minmay_temple_entry_enclosed_plants
D:8:      layout_rooms, lair_entry_dummy, kennysheep_generic_room_5,
          uniq_joseph, uniq_pikel
D:9:      layout_irregular_city, lemuel_doored_altar, minivault_25,
          nicolae_take_the_stairs
D:10:     layout_roguey, nicolae_island_escapes
D:11:     layout_roguey, david_orc_2, serial_shops, shop
D:12:     layout_basic, chequers_arboretum, uniq_psyche, uniq_kirke
D:13:     layout_basic, chequers_serial_rivers_large_a,
          nicolae_concentric_dashed_squares_wild
D:14:     cheibrodos_hippocracy, layout_cave_pools, david_vaults_1,
          nicolae_cairo_tiling, uniq_rupert, uniq_agnes
D:15:     grunt_enter_depths_giant_problem, layout_irregular_city,
          enter_trove_6, tso_metal_star, uniq_josephine
Lair:1:   layout_regular_city, basic_altar, grunt_megastairs_2
Lair:2:   layout_chaotic_city, st_stairs_6, beast_lair_carwin_10,
          grunt_megastairs_4
Lair:3:   layout_big_grid, palyth_hydra_swamp_entry,
          grunt_forest_small_clearing_treed, infiniplex_staircase_pool
Lair:4:   layout_cave_shapes, spider_nest_entry_rubble, uniq_snorg
Lair:5:   layout_misc_corridors, minmay_slime_entry_pillars,
          portal_ice_cave_rime, chequers_serial_rivers_small_b,
          bobbens_dragon_lair_wall
Lair:6:   grunt_lair_end_beastmaster, layout_regular_city,
          infiniplex_staircase_pool_2
Spider:1: layout_spider_delve, uniq_louise
Spider:2: layout_spider_delve
Spider:3: layout_spider_delve, special_room [special_room_bee], drop_trap
Orc:1:    nicolae_orc_accident_3, layout_caves
Orc:2:    st_orc_rangers, layout_caves, serial_shops,
          nicolae_shop_bloodbath_and_beyond, basic_altar, uniq_maurice
Elf:1:    eino_elf_arrival_customs, layout_rooms, serial_shops, shop,
          minmay_elf_necromancy, drop_trap, grunt_megastairs_1, minmay_shop_star

Skill      XL: |  1  2  3  4  5  6  7  8  9 10 11 12 13 14 15 16 17 |
---------------+----------------------------------------------------+-----
Axes           | 3 4 5 6 7 9 11 14 | 14.0
Fighting       | 4 10 13 15 17 | 17.2
Armour         | 5 8 |  8.7
Shields        | 5 8 |  8.7
Transmutations | 2 5 6 10 11 12 | 12.0
Evocations     | 4 6 8 9 |  9.5
Long Blades    | 8 15 17 | 17.7
Dodging        | 5 7 |  7.6
Spellcasting   | 2 5 |  5.9

Action                   |  1- 3 |  4- 6 |  7- 9 | 10-12 | 13-15 | 16-18 || total
-------------------------+-------+-------+-------+-------+-------+-------++-------
Melee: War axe           |    87 |   113 |   188 |   360 |       |       ||   748
       Headbutt          |    10 |    18 |    40 |   113 |   280 |   203 ||   664
       Flail             |       |       |       |     7 |       |       ||     7
       Demon blade       |       |       |       |    76 |  1146 |   756 ||  1978
Throw: Throwing net      |       |       |       |     1 |     1 |       ||     2
       Javelin           |       |       |       |       |     6 |     4 ||    10
 Cast: Wereblood         |       |       |       |       |       |     1 ||     1
Invok: Curse Item        |       |       |     1 |     6 |     2 |     1 ||    10
       Shatter the Chain |       |       |       |       |       |     1 ||     1
Evoke: Wand              |       |       |       |    11 |    35 |    11 ||    57
       Lightning rod     |       |       |       |       |     7 |       ||     7
       Phantom mirror    |       |       |       |       |     1 |       ||     1
  Use: Scroll            |       |       |    15 |       |     3 |       ||    18
       Potion            |       |       |       |       |     6 |     1 ||     7
 Stab: Distracted        |       |       |       |       |     1 |     2 ||     3
       Petrified         |       |       |       |       |     3 |       ||     3
       Petrifying        |       |       |       |       |     2 |       ||     2
Armor: Scale mail        |    18 |       |       |       |       |       ||    18
       Chain mail        |    20 |    50 |    49 |   140 |   278 |   168 ||   705
Dodge: Dodged            |    29 |    46 |    30 |   105 |   274 |   216 ||   700
Block: Buckler           |    13 |    16 |     1 |       |       |       ||    30
       Tower shield      |       |       |   153 |   583 |  1445 |   940 ||  3121
       Reflection        |       |       |       |       |       |    11 ||    11
